 Dungeon Crawl Stone Soup version 0.19-a0-1908-g43c011f (webtiles) character file.

140083 Deemzul the Fencer (level 17, -5/121 HPs)
             Began as an Octopode Berserker on Oct 21, 2016.
             Was a High Priest of Trog.
             Slain by a wolf spider simulacrum (27 damage)
             ... on level 15 of the Dungeon.
             The game lasted 00:49:57 (25752 turns).

Deemzul the Fencer (Octopode Berserker)            Turns: 25752, Time: 00:49:57

Health: -5/121     AC:  1    Str: 17    XL:     17   Next: 30%
Magic:  17/17      EV: 27    Int: 13    God:    Trog [*****.]
Gold:   2532       SH:  0    Dex: 21    Spells: 0 memorised, 16 levels left

rFire  + . .     SeeInvis +     i - +4 triple sword (drain)
rCold  . . .     Gourm    +     (shield currently unavailable)
rNeg   . . .     Faith    .     H - +0 hat
rPois  +         Spirit   .     W - amulet of the gourmand
rElec  .         Reflect  .     B - ring of see invisible
rCorr  +         Harm     .     G - +3 ring of intelligence
MR     ++++.                    Q - ring of poison resistance
Stlth  ++++++++..               x - ring of resist corrosion
                                (no ring)
                                (no ring)
                                (no ring)
                                (no ring)

@: exhausted, regenerating
A: almost no armour, stealthy swim, amphibious, 8 rings, constrict 8, repulsion
field 1, camouflage 1, agile 2, blurry vision 1, fire resistance 1, magic
resistance 1, poison resistance, wild magic 1, gelatinous body 1, MP-powered
wands
a: Berserk, Trog's Hand, Brothers in Arms, Burn Spellbooks, Renounce Religion


You were on level 15 of the Dungeon.
You worshipped Trog.
Trog was extremely pleased with you.
You were not hungry.

You visited 5 branches of the dungeon, and saw 25 of its levels.
You also visited: Ossuary and Volcano.

You collected 2532 gold pieces.

Inventory:

Hand Weapons
 i - a +4 triple sword of draining (weapon)
 n - the +10 spear "Leviticus" {pierce, rElec Dex+4 SInv}
   (You found it on level 8 of the Dungeon)

   It inflicts extra damage upon your enemies.
   It affects your dexterity (+4).
   It insulates you from electricity.
   It lets you see invisible.
 I - a +0 dagger of venom
 T - the +10 arbalest "Starlight" {venom, rElec MR- Str+10 Int-3}
   (Trog gifted it to you on level 10 of the Dungeon)

   It poisons the ammo it fires.
   It affects your strength (+10).
   It affects your intelligence (-3).
   It insulates you from electricity.
   It affects your resistance to hostile enchantments.
Missiles
 A - 65 bolts
Armour
 H - a +0 hat (worn)
Jewellery
 x - a ring of resist corrosion (on tentacle)
 B - a ring of see invisible (left tentacle)
 G - a +3 ring of intelligence (right tentacle)
 J - an uncursed amulet of rage
 P - an uncursed ring of teleportation
 Q - a ring of poison resistance (on tentacle)
 W - an amulet of the gourmand (around mantle)
Wands
 m - a wand of random effects (31/48)
 r - a wand of hasting (3/9)
 w - a wand of iceblast (6/15)
 z - a wand of iceblast (12/15)
 C - a wand of slowing (12/48)
 F - a wand of digging (6/24)
 K - a wand of heal wounds (5/9)
 N - a wand of polymorph (15/24)
 S - a wand of iceblast (4/15)
 U - a wand of disintegration (18/24)
 X - a wand of hasting (3/9)
 Y - a wand of confusion (28/48)
Scrolls
 c - 9 scrolls of remove curse
 d - 18 scrolls of identify
 e - a scroll of recharging
 j - 2 scrolls of immolation
 k - 4 scrolls of enchant armour
 l - a scroll of magic mapping
 q - 3 scrolls of teleportation
 s - 3 scrolls of fear
 y - a scroll of holy word
 D - 3 scrolls of fog
 M - a scroll of summoning
Potions
 a - 2 potions of resistance
 f - 6 potions of curing
 h - a potion of haste
 o - 6 potions of flight
 t - 3 potions of magic
 u - a potion of brilliance
 v - a potion of invisibility
 E - 2 potions of heal wounds
 V - a potion of agility
 Z - 2 potions of berserk rage
Books
 R - a book of Maledictions

   Spells                             Type                      Level
   a - Corona                         Hexes                        1
   b - Ensorcelled Hibernation        Hexes/Ice                    2
   c - Confuse                        Hexes                        3
   d - Tukima's Dance                 Hexes                        3
   e - Dazzling Spray                 Conjuration/Hexes            3
   Trog disapproves of the use of such an item.
Comestibles
 b - 12 bread rations
 g - 41 fruits
 p - 6 meat rations
 L - 13 beef jerkies
 O - 9 royal jellies


   Skills:
 + Level 12.6 Fighting
 * Level 16.6 Long Blades
 - Level 3.4 Polearms
 + Level 4.9 Crossbows
 + Level 12.7 Dodging
 + Level 16.5 Stealth


You had 16 spell levels left.
You didn't know any spells.

Dungeon Overview and Level Annotations

Branches:
Dungeon (15/15)            Temple (1/1) D:5            Lair (6/6) D:8
 Shoals (0/4) Lair:3       Spider (0/4) Lair:4          Orc (2/2) D:11
    Elf (1/3) Orc:2        Vaults (0/5) D:14         Depths (0/5) D:15
  Slime: Lair:5-6

Altars:
Ashenzari
Cheibriados
Dithmenos
Elyvilon
Fedhas
Gozag
Hepliaklqana
Kikubaaqudgha
Makhleb
Nemelex Xobeh
Okawaru
Qazlal
Ru
Sif Muna
Trog
Uskayaw
Vehumet
Xom
Yredelemnul
Zin
The Shining One

Shops:
Orc:2 (*%[

Annotations:
Lair:4 exclusion: oklob plant


Innate Abilities, Weirdness & Mutations

You cannot wear most types of armour.
You are very stealthy in the water. (Stealth+)
You are amphibious.
You can wear up to eight rings at the same time.
You can use your tentacles to constrict eight enemies at once.
Your skin changes colour to match your surroundings (Stealth+).
Your rubbery body absorbs attacks. (AC +1, EV +1)
You are surrounded by a mild repulsion field. (EV +2)
You are very agile. (Dex +4)
Scrolls take you a little longer to read.
Your flesh is heat resistant. (rF+)
You are resistant to hostile enchantments. (MR+)
Your system is resistant to poisons. (rPois)
Your spells are a little harder to cast, but a little more powerful.
You expend magic power (3 MP) to strengthen your wands.


Message History

The ogre mage barely misses you.
You riposte.
You hit the ogre mage but do no damage. You drain the ogre mage!
You squeeze the ogre mage.
The ogre mage is almost dead.
You slash the ogre mage!
You kill the ogre mage!
Trog accepts your kill.
Trog appreciates your killing of a magic user.
The wolf spider simulacrum hits you!
The wolf spider simulacrum freezes you!!
The wolf spider simulacrum bites you!
The wolf spider simulacrum freezes you!!
* * * LOW HITPOINT WARNING * * *
You are too injured to fight recklessly!
Your skin crawls.
You feel resistant to hostile enchantments.
You feel somewhat more hungry. The wolf spider simulacrum hits you!
* * * LOW HITPOINT WARNING * * *
The wolf spider simulacrum freezes you!!
You die...

######. #......####
......) #.#[##.#
#...... #.#.##.#
..####. #.#.##.#
...... ###.#..#.#
###### # ##...##.#.#
...########(.####...#
#........(.(# ###.#
#...[@))(..# #.# #
#...Z..)(..######.# #
.$.......))).........
.
###..........######.#
.# #..........# #.#
## #..........# ##
#..........#
############


You could see a wolf spider simulacrum.

Vanquished Creatures
  Rupert (Orc:2)
  Nessos (Lair:6)
  Josephine (D:12)
  A vault guard (D:14)
  4 hydras
  3 centaur warriors
  A catoblepas (Lair:4)
  An ogre mage (D:15)
  A death yak (Lair:5)
  3 orc high priests (Orc:2)
  5 unseen horrors
  2 hill giants
  6 deep elf magi (Elf:1)
  The ghost of Zigma the Destroyer, a novice DECj of Vehumet (D:7)
  An ugly thing (D:14)
  An orb spider (Lair:4)
  2 manticores
  An orc sorcerer (Orc:2)
  A cyclops (D:12)
  2 salamanders (Volcano)
  A toenail golem (Volcano)
  Maurice (D:13)
  5 black mambas
  A centaur zombie (D:14)
  15 elephants
  10 spiny frogs
  Psyche (D:10)
  The ghost of Zigma the Ruffian, a novice DrTm of Okawaru (D:6)
  A gargoyle (D:13)
  5 centaur skeletons
  An efreet (D:13)
  7 komodo dragons
  A rime drake (Lair:4)
  2 kobold demonologists (D:15)
  2 merfolk (Lair:3)
  A queen bee (shapeshifter) (D:14)
  3 trolls (Orc:2)
  A queen bee (Lair:1)
  6 two-headed ogres
  A hornet (D:14)
  A polar bear (Lair:2)
  Prince Ribbit (D:8)
  21 blink frogs
  11 hippogriffs
  2 dream sheep (Lair:6)
  A shadow (D:10)
  5 wraiths
  27 yaks
  Eustachio (D:6)
  A wyvern (Lair:4)
  A hog (shapeshifter) (D:14)
  3 vampire mosquitoes
  4 basilisks
  A warg (Orc:1)
  A fire bat (Volcano)
  3 hungry ghosts
  2 mottled dragons (Lair:6)
  The ghost of Deemzul the Slasher, an amateur OpBe of Trog (D:3)
  2 soldier ants
  A steam dragon (Lair:6)
  Edmund (D:6)
  4 hell hounds
  14 water moccasins
  8 porcupines
  4 ice beasts
  2 swamp drakes
  2 eyes of draining
  19 orc warriors
  2 black bears (D:12)
  A hornet zombie (D:15)
  5 sky beasts
  6 phantoms
  3 boggarts (D:14)
  14 ogres
  6 wolves
  9 centaurs
  10 crocodiles
  4 big kobolds
  An elf zombie (Ossuary)
  10 bullfrogs
  3 scorpions
  A water moccasin skeleton (D:5)
  29 killer bees
  4 wights (D:14)
  6 howler monkeys
  An electric eel (D:6)
  7 crimson imps
  A bullfrog zombie (D:8)
  9 hounds
  5 jellies
  28 orc priests
  30 orc wizards
  Ijyb (D:3)
  5 iguanas
  12 worker ants
  2 hound zombies
  5 mummies
  2 hound skeletons
  Robin (D:3)
  3 gnolls (D:4)
  11 adders
  4 shadow imps
  2 adder skeletons
  2 adder zombies
  4 worms
  3 dart slugs
  3 leopard geckos
  74 orcs
  3 giant cockroaches
  9 goblins
  10 hobgoblins
  2 jackals (D:10)
  2 quokkas
  2 ball pythons
  3 bats
  2 frilled lizards
  A goblin zombie (Ossuary)
  2 hobgoblin zombies (Ossuary)
  3 jackal zombies (Ossuary)
  17 kobolds
  2 kobold zombies
  3 orc zombies
  A quokka zombie (D:9)
  2 rats
  A butterfly (Lair:1)
643 creatures vanquished.

Vanquished Creatures (collateral kills)
  An orc high priest (Orc:2)
  A hill giant (D:11)
  2 elephants (Lair:6)
  A black mamba (Lair:2)
  A gargoyle (D:11)
  A komodo dragon (Lair:2)
  2 trolls (Orc:2)
  3 blink frogs (Lair:2)
  2 dream sheep (Lair:6)
  A warg (Orc:1)
  An orc warrior (Orc:1)
  A porcupine (Lair:2)
  A boggart (D:14)
  7 orc priests
  7 orc wizards
  A worker ant (D:7)
  8 orcs
41 creatures vanquished.

Vanquished Creatures (others)
  2 two-headed ogres (Volcano)
  An orc warrior (Orc:2)
  13 fungi
  8 plants
24 creatures vanquished.

Grand Total: 708 creatures vanquished

Notes
Turn   | Place    | Note
-------+----------+-------------------------------------------
     0 | D:1      | Deemzul the Octopode Berserker began the quest for the Orb.
     0 | D:1      | Reached XP level 1. HP: 16/16 MP: 1/1
   320 | D:1      | Reached XP level 2. HP: 17/21 MP: 2/2
   633 | D:2      | You fall through a shaft!
   633 | D:3      | Noticed Ijyb
   644 | D:3      | Killed Ijyb
   644 | D:3      | Reached skill level 1 in Stealth
   644 | D:3      | Reached XP level 3. HP: 20/26 MP: 3/3
   707 | D:3      | Noticed Robin
   723 | D:3      | Killed Robin
   723 | D:3      | Reached XP level 4. HP: 9/31 MP: 4/4
  1008 | D:3      | Noticed Deemzul's ghost (amateur OpBe)
  1111 | D:2      | Reached ** piety under Trog
  1947 | D:2      | Found a faded altar of an unknown god.
  1947 | D:2      | Found a faded altar of an unknown god.
  1952 | D:2      | Found a sparkling altar of Nemelex Xobeh.
  1954 | D:2      | Found a faded altar of an unknown god.
  1955 | D:2      | Found a faded altar of an unknown god.
  2320 | D:3      | Killed Deemzul's ghost
  2320 | D:3      | Reached XP level 5. HP: 23/37 MP: 5/5
  2320 | D:3      | Reached XP level 6. HP: 27/43 MP: 6/6
  2848 | D:5      | Entered Level 5 of the Dungeon
  3008 | D:5      | Reached skill level 5 in Long Blades
  3033 | D:5      | Found a staircase to the Ecumenical Temple.
  3061 | Temple   | Entered the Ecumenical Temple
  3190 | D:5      | Noticed an ice beast
  3256 | D:5      | Noticed an ice beast
  3640 | D:4      | Reached XP level 7. HP: 42/48 MP: 7/7
  3859 | D:4      | Reached skill level 5 in Stealth
  4205 | D:5      | Reached XP level 8. HP: 54/54 MP: 8/8
  4452 | D:5      | Reached *** piety under Trog
  4459 | D:5      | Reached skill level 5 in Fighting
  4563 | D:5      | Found a deep blue altar of Sif Muna.
  4581 | D:5      | Reached skill level 5 in Dodging
  4586 | D:5      | Identified Sif Muna's Incunabulum of the Escort
  4820 | D:6      | Noticed Eustachio
  4831 | D:6      | Killed Eustachio
  4860 | D:6      | Noticed Edmund
  4871 | D:6      | Killed Edmund
  5413 | D:6      | Reached XP level 9. HP: 62/62 MP: 9/9
  5449 | D:6      | Noticed Zigma's ghost (novice DrTm)
  5657 | D:7      | Noticed Zigma's ghost (novice DECj)
  6176 | D:7      | Killed Zigma's ghost
  6262 | D:8      | Gained mutation: You possess an exceptional clarity of mind. [mutagenic meat]
  6263 | D:8      | Gained mutation: Your body sometimes deteriorates upon taking damage. [mutagenic meat]
  6265 | D:8      | Gained mutation: Scrolls take you a little longer to read. [mutagenic meat]
  6266 | D:8      | Lost mutation: Scrolls take you a little longer to read. [mutagenic meat]
  6267 | D:8      | Gained mutation: Your flesh is heat resistant. (rF+) [mutagenic meat]
  6283 | D:8      | Got a steaming spear
  6285 | D:8      | Identified the +10 spear "Leviticus" {pierce, rElec Dex+4 SInv} (You found it on level 8 of the Dungeon)
  6342 | D:8      | Reached **** piety under Trog
  6498 | D:8      | Found a staircase to the Lair.
  6535 | D:8      | Found a sand-covered staircase.
  6541 | Ossuary  | Entered an ossuary
  6940 | D:8      | Reached XP level 10. HP: 58/69 MP: 10/10
  6949 | D:8      | Gained mutation: Your system is resistant to poisons. (rPois) [mutagenic meat]
  7267 | D:8      | Found an opulent altar of Gozag.
  7270 | D:8      | Noticed Prince Ribbit
  7281 | D:8      | Killed Prince Ribbit
  8245 | D:6      | Killed Zigma's ghost
  8307 | D:6      | Reached ***** piety under Trog
  8488 | D:9      | Reached skill level 10 in Long Blades
  8853 | D:9      | Reached skill level 10 in Stealth
  9362 | D:9      | Reached skill level 1 in Polearms
  9378 | D:9      | Noticed an unseen horror
  9386 | D:9      | Killed an unseen horror
  9549 | D:10     | Entered Level 10 of the Dungeon
  9619 | D:10     | Noticed a manticore
  9639 | D:10     | Reached XP level 11. HP: 77/77 MP: 11/11
  9656 | D:10     | Killed a manticore
  9749 | D:10     | Noticed Psyche
  9897 | D:10     | Received a gift from Trog
  9916 | D:10     | Got a polished arbalest {god gift}
  9919 | D:10     | Identified the +10 arbalest "Starlight" {venom, rElec MR- Str+10 Int-3} (Trog gifted it to you on level 10 of the Dungeon)
 10517 | D:10     | Killed Psyche
 10775 | D:10     | Gained mutation: Your magical capacity is low. (-10% MP) [mutagenic meat]
 10776 | D:10     | Gained mutation: Your spells are a little harder to cast, but a little more powerful. [mutagenic meat]
 10777 | D:10     | Gained mutation: You are agile. (Dex +2) [mutagenic meat]
 10778 | D:10     | Gained mutation: Scrolls take you a little longer to read. [mutagenic meat]
 10779 | D:10     | Gained mutation: You are frail. (-10% HP) [mutagenic meat]
 10780 | D:10     | Gained mutation: You expend magic power (3 MP) to strengthen your wands. [mutagenic meat]
 10982 | D:11     | Noticed a hill giant
 10988 | D:11     | Killed a hill giant
 11455 | D:11     | Found a staircase to the Orcish Mines.
 11625 | Orc:1    | Entered Level 1 of the Orcish Mines
 11719 | Orc:2    | Entered Level 2 of the Orcish Mines
 12326 | Orc:2    | Reached XP level 12. HP: 26/76 MP: 10/10
 12358 | Orc:2    | Noticed an orc high priest
 12366 | Orc:2    | Noticed an orc high priest
 12846 | Orc:2    | Noticed Rupert
 12858 | Orc:2    | Noticed a sun demon
 12986 | Orc:2    | Killed an orc high priest
 13222 | Orc:2    | Killed Rupert
 13345 | Orc:2    | Noticed an orc high priest
 13362 | Orc:2    | Noticed an orc high priest
 13363 | Orc:2    | Noticed a soul eater
 13367 | Orc:2    | Killed an orc high priest
 13372 | Orc:2    | Killed an orc high priest
 13696 | Orc:2    | Found Imudwoc's General Store.
 13696 | Orc:2    | Found Tevuf's Antique Weapon Emporium.
 13696 | Orc:2    | Found Unuol's Food Shoppe.
 13701 | Orc:2    | Found Yhour's Antique Armour Shoppe.
 14574 | D:12     | Noticed Josephine
 14581 | D:12     | Killed Josephine
 14581 | D:12     | Reached skill level 10 in Fighting
 14581 | D:12     | Reached skill level 10 in Dodging
 14827 | D:13     | Noticed Maurice
 14835 | D:12     | Lost mutation: You possess an exceptional clarity of mind. [potion of cure mutation]
 14835 | D:12     | Lost mutation: Your body sometimes deteriorates upon taking damage. [potion of cure mutation]
 14835 | D:12     | Lost mutation: You are frail. (-10% HP) [potion of cure mutation]
 14835 | D:12     | Lost mutation: You expend magic power (3 MP) to strengthen your wands. [potion of cure mutation]
 14842 | D:13     | Killed Maurice
 14914 | D:13     | Noticed a centaur warrior
 14919 | D:13     | Killed a centaur warrior
 14945 | D:13     | Reached XP level 13. HP: 85/92 MP: 11/11
 15034 | D:13     | Gained mutation: You evolve. [mutagenic meat]
 15230 | D:13     | Found an opulent altar of Gozag.
 15814 | D:14     | Noticed a sphinx
 15825 | D:14     | Noticed a vault guard
 15829 | D:14     | HP: 4/139 [worker ant (7)]
 15832 | D:14     | HP: 1/139 [phantom (4)]
 15977 | D:14     | Gained mutation: Your body sometimes deteriorates upon taking damage. [potion of mutation]
 15977 | D:14     | Gained mutation: You are very agile. (Dex +4) [potion of mutation]
 15977 | D:14     | Gained mutation: You are surrounded by a mild repulsion field. (EV +2) [potion of mutation]
 15984 | D:14     | Killed a vault guard
 16241 | D:14     | Received a gift from Trog
 16316 | D:14     | Found a gate to the Vaults.
 16811 | D:12     | Gained mutation: You are resistant to hostile enchantments. (MR+) [evolution]
 16934 | Lair:1   | Entered Level 1 of the Lair of Beasts
 17192 | Lair:1   | Lost mutation: Your magical capacity is low. (-10% MP) [potion of mutation]
 18575 | Lair:1   | Reached XP level 14. HP: 101/101 MP: 14/14
 18944 | Lair:1   | Gained mutation: You are covered in fur. (AC +1) [evolution]
 18944 | Lair:1   | Lost mutation: You evolve. [end of evolution]
 19405 | Lair:3   | Found a dark tunnel.
 19441 | Volcano  | Entered a volcano
 19912 | Lair:3   | Found a shimmering altar of Xom.
 20231 | Lair:3   | Found a staircase to the Shoals.
 20714 | Lair:4   | Reached skill level 15 in Stealth
 21071 | Lair:4   | Found a hole to the Spider Nest.
 21188 | Lair:4   | Reached skill level 15 in Long Blades
 22213 | Lair:5   | Received a gift from Trog
 22234 | Lair:5   | Reached skill level 1 in Crossbows
 22602 | Lair:5   | Identified a scroll of acquirement
 23007 | Lair:6   | Entered Level 6 of the Lair of Beasts
 23009 | Lair:6   | Noticed Nessos
 23196 | Lair:6   | Reached XP level 15. HP: 43/108 MP: 15/15
 23351 | Lair:6   | Reached XP level 16. HP: 78/114 MP: 16/16
 23352 | Lair:6   | Reached XP level 17. HP: 83/121 MP: 17/17
 23459 | Lair:6   | Killed Nessos
 24004 | Lair:2   | Lost mutation: You are covered in fur. (AC +1) [potion of mutation]
 24004 | Lair:2   | Lost mutation: Your body sometimes deteriorates upon taking damage. [potion of mutation]
 24004 | Lair:2   | Gained mutation: You expend magic power (3 MP) to strengthen your wands. [potion of mutation]
 24634 | Orc:2    | Found a staircase to the Elven Halls.
 24882 | Elf:1    | Entered Level 1 of the Elven Halls
 24916 | Elf:1    | Received a gift from Trog
 25397 | D:15     | Entered Level 15 of the Dungeon
 25397 | D:15     | Found a shattered altar of Ashenzari.
 25419 | D:15     | Found a staircase to the Depths.
 25752 | D:15     | Slain by a wolf spider simulacrum

Vault maps used:
D:1:      denvon_arrival_planthouse
D:2:      chequers_temple_overflow_minitemple
D:3:      serial_bayou, serial_bayou_pond_d, serial_bayou_lake_a,
          serial_bayou_crossing, serial_bayou_pond_e, minmay_misc_feat_rugged,
          uniq_iyjb, uniq_robin
D:4:      first_bread
D:5:      led_sif_book
D:6:      nicolae_lava_and_water, uniq_edmund, uniq_eustachio
D:7:      grunt_ogre_cave, grunt_decor_arrowhead
D:8:      lemuel_crystal_altar, lair_0_dummy, nicolae_ossuary_entry_giza,
          uniq_prince_ribbit1
D:10:     uniq_psyche
D:11:     erik_orc_1
D:12:     uniq_josephine
D:13:     grunt_gozag_statues, uniq_maurice
D:14:     david_vaults_5, hangedman_abyss_or_decor_passed
D:15:     grunt_enter_depths_giant_problem, ashenzari_altar_1,
          minmay_hollow_rounded_squares
Temple:   nicolae_temple_no_exploring_needed
Lair:1:   special_room, lemuel_fruit_fields
Lair:2:   grunt_forest_large_clearings, grunt_megastairs_4,
          infiniplex_staircase_pool_2, serial_bayou_shore_b
Lair:3:   elwin_shoals_entry_rooms, serial_forest, infiniplex_forest_lined_3,
          infiniplex_forest_pool, infiniplex_forest_clump_curved,
          infiniplex_forest_lined_room_2, enter_volcano_3, basic_altar,
          lemuel_fruit_fields
Lair:4:   nicolae_spider_entry_orb_guardian, minmay_lair_oklob_bushes
Lair:6:   evilmike_catoblepas_cave, slime_altar_1, guppyfry_lair_drakes,
          uniq_nessos
Orc:2:    st_orc_mages, nicolae_orc_sculptors_studio, uniq_rupert
Elf:1:    eino_elf_arrival_customs, minivault_28
Ossuary:  ossuary_minmay_tomb_2a
Volcano:  volcano_village

Skill      XL: |  1  2  3  4  5  6  7  8  9 10 11 12 13 14 15 16 |
---------------+-------------------------------------------------+-----
Stealth        | 1 3 4 5 7 9 10 11 13 14 15 16 | 16.5
Long Blades    | 4 5 6 7 9 10 11 12 14 15 16 | 16.6
Dodging        | 4 5 6 8 9 10 11 12 | 12.7
Fighting       | 4 5 6 7 9 10 11 12 | 12.6
Polearms       | 2 3 |  3.4
Crossbows      | 2 3 4 |  4.9

Action                   |  1- 3 |  4- 6 |  7- 9 | 10-12 | 13-15 | 16-18 || total
-------------------------+-------+-------+-------+-------+-------+-------++-------
Melee: Falchion          |    42 |    91 |   163 |    20 |       |       ||   316
       Constrict         |    11 |    30 |    51 |    82 |    85 |    18 ||   277
       Tentacles         |     8 |    31 |    71 |   108 |   178 |    38 ||   434
       Spear             |       |       |    60 |   433 |    88 |       ||   581
       Dagger            |       |       |       |     7 |       |       ||     7
       Triple sword      |       |       |       |    85 |   478 |   108 ||   671
 Fire: Arbalest          |       |       |       |       |     8 |     7 ||    15
Invok: Berserk           |     1 |     2 |    12 |    15 |    15 |     3 ||    48
       Trog's Hand       |       |       |       |     7 |     9 |     2 ||    18
       Brothers in Arms  |       |       |       |     9 |     5 |       ||    14
       Burn Spellbooks   |       |       |       |       |     3 |       ||     3
Evoke: Wand              |       |     1 |     1 |     4 |     6 |       ||    12
       Phantom mirror    |       |       |       |     1 |       |       ||     1
  Use: Potion            |       |       |     6 |    11 |     7 |     3 ||    27
       Scroll            |       |       |    13 |     7 |     4 |     3 ||    27
 Stab: Sleeping          |     4 |    14 |    13 |    30 |    34 |     7 ||   102
       Distracted        |       |       |       |     5 |     9 |     2 ||    16
       Petrified         |       |       |       |       |     3 |       ||     3
  Eat: Chunk             |       |    12 |    24 |    57 |    43 |    10 ||   146
       Royal jelly       |       |       |     1 |       |     1 |     1 ||     3
       Fruit             |       |       |       |     1 |       |       ||     1
       Pizza             |       |       |       |       |     3 |     1 ||     4
Armor: Skin              |     3 |     4 |     7 |    65 |    14 |     1 ||    94
Dodge: Dodged            |    30 |    48 |   108 |   300 |   593 |   135 ||  1214
       Rpst.: Falchion   |     6 |    16 |    24 |     2 |       |       ||    48
       Triple sword      |       |       |       |    29 |   116 |    23 ||   168
